 Dungeon Crawl Stone Soup version 0.29.1-13-g9f3cf754e1 (webtiles) character file.

Game seed: 426818106419933880

1414 H0rd4k the Insei (level 8, -3/54 HPs)
             Began as an Octopode Artificer on Feb 10, 2023.
             Was an Initiate of Gozag.
             Shot with an arrow by a centaur (14 damage)
             ... on level 7 of the Dungeon.
             The game lasted 00:07:38 (5321 turns).

H0rd4k the Insei (Octopode Artificer)               Turns: 5321, Time: 00:07:38

Health: -3/54      AC:  1    Str: 11    XL:     8   Next: 71%
Magic:  14/14      EV: 14    Int: 15    God:    Gozag
Gold:   554        SH:  0    Dex: 19    Spells: 13/15 levels left

rFire   . . .      SeeInvis .     - Unarmed
rCold   . . .      Faith    .   (no shield)
rNeg    . . .      Spirit   .   (helmet restricted)
rPois   .          Reflect  .   f - amulet of regeneration
rElec   .          Harm     .   h - ring of resist corrosion
rCorr   +          Rampage  .   w - +6 ring of dexterity
Will    .....                   (no ring)
Stlth   +++.......              (no ring)
HPRegen 0.98/turn               (no ring)
MPRegen 0.14/turn               (no ring)
                                (no ring)
                                (no ring)

@: gold aura
A: almost no armour, amphibious, 8 rings, camouflage 1, gelatinous body 1,
(nimble swimmer 1), tentacles
a: Renounce Religion, Potion Petition, Call Merchant, Bribe Branch


You were on level 7 of the Dungeon.
You worshipped Gozag.
Gozag was pleased with you.
You visited 2 branches of the dungeon, and saw 8 of its levels.

You collected 629 gold pieces.
You paid 75 gold pieces to Gozag.

Inventory:

Missiles
 a - 14 poisoned darts
 n - a throwing net
Magical Staves
 z - a staff of fire
Jewellery
 f - an amulet of regeneration (around mantle)
 h - a ring of resist corrosion (left tentacle)
 w - a +6 ring of dexterity (right tentacle)
Wands
 b - a wand of flame (2) (quivered)
 c - a wand of charming (1)
 o - a wand of polymorph (1)
 y - a wand of digging (5)
Scrolls
 d - a scroll of magic mapping {unknown}
 g - a scroll of vulnerability {unknown}
 i - 4 scrolls of silence {unknown}
 k - 3 scrolls of identify {unknown}
 l - a scroll of immolation {unknown}
 p - 3 scrolls of blinking {unknown}
 q - a scroll of acquirement {unknown}
 r - 2 scrolls of teleportation {unknown}
 s - 2 scrolls of butterflies {unknown}
 v - a scroll of noise {unknown}
Potions
 e - a potion of mutation {unknown}
 j - 2 potions of curing {unknown}
 m - 2 potions of cancellation {unknown}
 t - a potion of haste {unknown}
 u - a potion of degeneration {unknown}
 x - a potion of lignification {unknown}


   Skills:
 * Level 4.8 Fighting
 + Level 1.7 Maces & Flails
 - Level 2.3 Dodging
 - Level 1.3 Stealth
 + Level 7.2 Unarmed Combat
 * Level 4.2 Spellcasting
 + Level 1.1 Translocations
 - Level 3.2 Evocations


You had 13 spell levels left.
You knew the following spells:

 Your Spells              Type           Power      Damage    Failure   Level
a - Blink                 Tloc           12%        N/A       17%         2

Your spell library contained the following spells:

 Spells                   Type           Power      Damage    Failure   Level
 Passage of Golubria      Tloc           6%         N/A       73%         4
 Manifold Assault         Tloc           6%         N/A       97%         5
 Silence                  Hex/Air        1%         N/A       99%         5
 Storm Form               Tmut/Air       1%         N/A       100%        7
 Lehudib's Crystal Spear  Conj/Erth      1%         10d2      100%        8


Dungeon Overview and Level Annotations

Branches:
Dungeon (7/15)             Temple (1/1) D:5

Altars:
Cheibriados
Dithmenos
Elyvilon
Gozag
Hepliaklqana
Kikubaaqudgha
Makhleb
Nemelex Xobeh
Okawaru
Qazlal
Ru
Sif Muna
Uskayaw
Vehumet
Xom
Yredelemnul
The Shining One

Annotations:
D:4 1 runed translucent door, exclusion: door, Crazy Yiuf
D:5 exclusion: downstairs
D:6 exclusions: electric eel and ogre, Pikel, Sigmund


Innate Abilities, Weirdness & Mutations

You cannot wear most types of armour.
You are amphibious.
You can wear up to eight rings at the same time.
Your skin changes colour to match your surroundings (Stealth+).
Your rubbery body absorbs attacks. (AC +1, EV +1)
((You are camouflaged when in or above water. (Stealth+)))
You have tentacles for arms and can constrict up to eight enemies at once.


Message History

The howler monkey misses you.
You barely miss the howler monkey. You squeeze the howler monkey!
The howler monkey is heavily wounded.
You constrict the howler monkey. The howler monkey closely misses you.
The white imp shouts, "Slither away, thou churlish kobold-kissing prigger-of-prances!"
You tentacle-slap the howler monkey.
You kill the howler monkey!
The white imp gestures at you. The puff of frost hits you!
You tentacle-slap the white imp. You grab the white imp.
You squeeze the white imp.
You kill the white imp!
A water moccasin comes into view.
You see here 5 gold pieces.
A howler monkey comes into view.
Found a stone staircase leading up.
The howler monkey howls!
The howler monkey hoots and howls with incredible vigour!
You hear a shout! x4
The howler monkey barely misses you.
You tentacle-slap the howler monkey. You grab the howler monkey.
You squeeze the howler monkey.
The howler monkey is heavily wounded.
You constrict the howler monkey.
The howler monkey completely misses you.
The howler monkey misses you.
You tentacle-slap the howler monkey. You squeeze the howler monkey.
You kill the howler monkey!
You now have 554 gold pieces (gained 6).
A centaur comes into view.
The centaur shouts!
The centaur wields a +0 shortbow.
The centaur shoots an arrow.
The arrow hits you!
The centaur shoots an arrow.
The arrow hits you!
Found a stone staircase leading down.
The centaur shoots an arrow.
The arrow hits you!
The centaur shoots an arrow.
The arrow hits you!
* * * LOW HITPOINT WARNING * * *
The centaur shoots an arrow.
The arrow hits you!
You die...
Your body crumbles into a pile of gold.

#...> ..#
.....####..
..........#
#........
#.......######
#.......##...#
#.......##...####
#......#....#.###
##...@..........#
......#.....#.....#
.c.#####....##....##
.. #.<.#.###..#.#
$.. #..######..###
...###.## #....#
.......># #..###
........# ##..# ##
.......<##
#..####..##


You could see a centaur.

Vanquished Creatures
  Eustachio (D:5)
  A water moccasin (D:5)
  A centaur (D:6)
  2 phantoms
  Blork the orc (D:4)
  2 necrophages
  An electric eel (D:6)
  2 howler monkeys (D:7)
  A jelly (D:6)
  An orc priest (D:5)
  2 hounds
  An orc wizard (D:5)
  2 iguanas
  8 gnolls (D:5)
  13 adders
  A white imp (D:7)
  2 ufetubi
  2 worms
  3 dart slugs (D:1)
  15 orcs
  3 bats
  2 endoplasms (D:1)
  5 goblins
  5 hobgoblins (D:1)
  5 kobolds
  5 quokkas
  4 ball pythons
  7 frilled lizards
  5 rats
103 creatures vanquished.

Vanquished Creatures (collateral kills)
  A black bear (D:6)
  An orc priest (D:4)
  4 gnolls
  An adder (D:4)
  An ufetubus (D:5)
  An orc (D:5)
  An endoplasm (D:4)
10 creatures vanquished.

Vanquished Creatures (others)
  2 gnoll boudas
  An orc priest (D:4)
  An orc wizard (D:4)
  2 gnolls
6 creatures vanquished.

Grand Total: 119 creatures vanquished

Notes
Turn   | Place    | Note
-------+----------+-------------------------------------------
     0 | D:1      | H0rd4k the Octopode Artificer began the quest for the Orb.
     0 | D:1      | Reached XP level 1. HP: 13/13 MP: 1/1
   304 | D:1      | Reached skill level 1 in Spellcasting
   304 | D:1      | Reached XP level 2. HP: 12/18 MP: 3/3
   789 | D:1      | Reached XP level 3. HP: 20/24 MP: 5/5
  1046 | D:2      | Reached skill level 1 in Unarmed Combat
  1305 | D:2      | Learned a level 2 spell: Blink
  1784 | D:3      | Reached XP level 4. HP: 28/29 MP: 5/7
  1809 | D:3      | Found a sparkling altar of Nemelex Xobeh.
  2161 | D:4      | Noticed Blork the orc
  2203 | D:4      | Your ally Blork the orc died
  2204 | D:4      | Reached skill level 2 in Unarmed Combat
  2204 | D:4      | Reached XP level 5. HP: 35/35 MP: 8/8
  2238 | D:4      | Reached skill level 1 in Translocations
  2353 | D:4      | Identified the +2 flail of Cheibriados, Chewing {antimagic,
                  | rPois rN+ Str+5}
  2530 | D:4      | HP: 1/35 [something/puff of flame (13)]
  2535 | D:4      | Reached skill level 3 in Unarmed Combat
  2672 | D:4      | Found a runed translucent door.
  2673 | D:4      | Noticed Crazy Yiuf
  2855 | D:4      | Reached XP level 6. HP: 39/41 MP: 8/10
  2988 | D:5      | Entered Level 5 of the Dungeon
  2995 | D:5      | Noticed Eustachio
  3000 | D:5      | Killed Eustachio
  3001 | D:5      | Reached skill level 4 in Unarmed Combat
  3021 | D:5      | Reached XP level 7. HP: 37/46 MP: 11/11
  3036 | D:5      | Found a staircase to the Ecumenical Temple.
  3161 | Temple   | Entered the Ecumenical Temple
  3303 | Temple   | Became a worshipper of Gozag Ym Sagoz the Greedy
  3438 | D:5      | Reached skill level 5 in Unarmed Combat
  3561 | D:5      | Reached skill level 1 in Maces & Flails
  4117 | D:5      | Reached XP level 8. HP: 42/54 MP: 13/13
  4252 | D:6      | Noticed Sigmund
  4379 | D:6      | Reached skill level 6 in Unarmed Combat
  4843 | D:6      | Found a shadowy altar of Dithmenos.
  4847 | D:6      | Found a white marble altar of Elyvilon.
  4852 | D:6      | Found a snail-covered altar of Cheibriados.
  4916 | D:6      | Noticed Pikel
  5029 | D:6      | Reached skill level 7 in Unarmed Combat
  5321 | D:7      | Shot with an arrow by a centaur

Illustrated notes

Levels and vault maps discovered:
D:1:      sevenhm_arrival_forest_fort_large_2, layout_rooms
D:2:      layout_rooms
D:3:      layout_basic, mainiacjoe_overflow_paths
D:4:      layout_loops_cross, st_stairs_5, uniq_crazy_yiuf_cottage,
          uniq_blork_the_orc
D:5:      layout_gridville, minmay_temple_entry_statues,
          kennysheep_generic_room_12, uniq_eustachio
D:6:      layout_basic, zin_angel, grunt_temple_overflow_diamond,
          nrook_pool_corridor, uniq_pikel, uniq_sigmund
D:7:      layout_cave_pools, kennysheep_mini_moat,
          mainiacjoe_overflow_surrounded_room
Temple:   hellmonk_temple_forest_ring

Skill      XL: |  1  2  3  4  5  6  7  8 |
---------------+-------------------------+-----
Spellcasting   | 1 2 3 4 |  4.2
Fighting       | 2 3 4 |  4.8
Unarmed Combat | 1 2 3 4 5 7 |  7.2
Translocations | 1 |  1.1
Maces & Flails | 1 |  1.7
Dodging        | |  2.3
Stealth        | |  1.3
Evocations     | |  3.2

Action                   |  1- 3 |  4- 6 |  7- 9 || total
-------------------------+-------+-------+-------++-------
Melee: Unarmed           |    99 |    52 |   122 ||   273
       Tentacles         |    30 |    10 |    39 ||    79
       Constrict         |    32 |    14 |    32 ||    78
       Punch             |     3 |       |     8 ||    11
       Flail             |       |    10 |       ||    10
Evoke: Wand              |       |    18 |    22 ||    40
  Use: Potion            |       |     1 |     1 ||     2
 Stab: Sleeping          |    11 |       |     5 ||    16
Armor: Skin              |    13 |     5 |    10 ||    28
Dodge: Dodged            |    51 |    51 |    79 ||   181
